 Dungeon Crawl Stone Soup version 0.21-a0-13-g3fd62ac (webtiles) character file.

60034 dududu the Sharpshooter (level 15, 0/98 HPs)
             Began as a Kobold Arcane Marksman on May 22, 2017.
             Was a High Priest of Trog.
             Slain by an orc knight
             ... wielding a +0 great mace
              (35 damage)
             ... on level 2 of the Orcish Mines on May 23, 2017.
             The game lasted 03:10:53 (28397 turns).

dududu the Sharpshooter (Kobold Arcane Marksman)   Turns: 28397, Time: 03:10:54

Health: 0/98       AC: 16    Str: 12    XL:     15   Next: 36%
Magic:  26/26      EV: 20    Int: 16    God:    Trog [*****.]
Gold:   1818       SH:  0    Dex: 18    Spells: 15/16 levels left

rFire    + . .     SeeInvis .   a - +4 arbalest "Xyol" {penet, Int+2}
rCold    . . .     Gourm    .   (shield currently unavailable)
rNeg     . . .     Faith    .   U - +0 scale mail {rPois}
rPois    +         Spirit   .   S - +2 helmet of Distant Shores {rCorr MP+9}
rElec    +         Reflect  .   C - +0 cloak
rCorr    +         Harm     .   T - +0 pair of gloves
MR       +++..                  D - +2 pair of boots
Stlth    ++........             V - amulet of regeneration (curse)
Regen    1.7/turn               e - +2 ring of evasion
MPRegen  0.2/turn               g - ring of stealth

@: regenerating, drained
A: agile 1, carnivore 3, dopey 1, fire resistance 1, electricity resistance
a: Berserk, Trog's Hand, Brothers in Arms, Burn Spellbooks, Renounce Religion


You were on level 2 of the Orcish Mines.
You worshipped Trog.
Trog was extremely pleased with you.
You were completely stuffed.

You visited 4 branches of the dungeon, and saw 20 of its levels.
You also visited: Labyrinth, Bailey and Ice Cave.

You collected 2679 gold pieces.
You spent 861 gold pieces at shops.

Inventory:

Hand Weapons
 a - the +4 arbalest "Xyol" (weapon) {penet, Int+2}
   (You bought it in a shop on level 8 of the Dungeon)

   Ammo fired by it will pass through the targets it hits, potentially hitting
   all targets in its path until it reaches maximum range.
   It affects your intelligence (+2).
 b - a +1 rapier
 l - a +4 double sword of protection
 O - a +0 hand crossbow
Missiles
 d - 160 bolts (quivered)
 h - 490 stones
 A - 10 throwing nets
Armour
 C - a +0 cloak (worn)
 D - a +2 pair of boots (worn)
 S - the +2 helmet of Distant Shores (worn) {rCorr MP+9}
   (You acquired it on level 6 of the Lair of Beasts)

   It affects your magic capacity (+9).
   It protects you from acid and corrosion.
 T - a +0 pair of gloves (worn)
 U - a +0 scale mail of poison resistance (worn)
Jewellery
 e - a +2 ring of evasion (left hand)
 g - a ring of stealth (right hand)
 o - an uncursed ring of positive energy
 y - an uncursed ring of ice
 I - an uncursed ring of fire
 K - the amulet "Gekyas" {Spirit rC+ Stlth+}
   (You found it in a bailey)

   [amulet of guardian spirit]

   It causes incoming damage to be split between your health and magic.
   It protects you from cold.
   It makes you more stealthy.
 V - a cursed amulet of regeneration (around neck)
Wands
 r - a wand of lightning (8/15)
 v - a wand of polymorph (10/24)
 J - a wand of disintegration (12/24)
 M - a wand of acid (9/15)
 N - a wand of acid (5/15)
 X - a wand of iceblast (7/15)
 Y - a wand of paralysis (11/24)
Scrolls
 c - a scroll of blinking
 k - 2 scrolls of fog
 m - 3 scrolls of remove curse
 p - a scroll of fear
 s - 6 scrolls of recharging
 t - 7 scrolls of teleportation
 w - 4 scrolls of magic mapping
 H - 2 scrolls of enchant weapon
 Q - a scroll of enchant armour {unknown}
Potions
 i - 2 potions of agility
 j - a potion of ambrosia
 n - 4 potions of resistance
 u - 8 potions of curing
 B - 2 potions of lignification
 E - 4 potions of flight
 F - 3 potions of heal wounds
 G - a potion of cancellation
 L - a potion of invisibility
 P - 2 potions of haste
 W - 2 potions of might
 Z - a potion of berserk rage {unknown}
Comestibles
 f - 7 meat rations
 q - 2 chunks of flesh
 x - 15 royal jellies


   Skills:
 + Level 13.1(12.8) Fighting
 - Level 13.2(12.9) Short Blades
 - Level 18.0(17.6) Crossbows
 - Level 6.1(5.9) Armour
 - Level 10.7(10.4) Dodging
 - Level 2.8(2.6) Stealth
 - Level 1.1(0.8) Spellcasting
   Level 4.4(4.2) Hexes
 - Level 2.8(2.5) Necromancy
 + Level 3.6(3.3) Evocations


You had 15 spell levels left.
You knew the following spells:

 Your Spells              Type           Power        Failure   Level  Hunger
c - Animate Skeleton      Necr           N/A          34%         1    ##.....


Dungeon Overview and Level Annotations

Branches:
Dungeon (11/15)            Temple (1/1) D:4            Lair (6/6) D:11
  Swamp (0/4) Lair:2        Snake (0/4) Lair:2        Slime (0/5) Lair:5
    Orc (2/2) D:9             Elf (0/3) Orc:2

Altars:
Ashenzari
Cheibriados
Dithmenos
Elyvilon
Fedhas
Gozag
Hepliaklqana
Kikubaaqudgha
Makhleb
Nemelex Xobeh
Okawaru
Qazlal
Ru
Sif Muna
Trog
Uskayaw
Vehumet
Xom
Yredelemnul
Zin
The Shining One
Beogh

Shops:
D:4 !?**(   D:6 }[=*(   D:8 (   D:9 *

Annotations:
D:4 Menkaure


Innate Abilities, Weirdness & Mutations

You are small and have problems with some larger weapons.
You are carnivorous and can eat meat at any time.
You are agile. (Dex +2)
You are dopey. (Int -2)
Your flesh is heat resistant. (rF+)
You are resistant to electric shocks. (rElec)


Message History

An orc warrior comes into view. It is wielding a trident.
Firing (i - inventory. (,) - cycle):
d - 161 bolts (quivered)
Press: ? - help, Shift-Dir - straight line, f/p - orc sorcerer
Aim: an orc sorcerer, wielding a dagger and wearing a runed robe (unusually strong)
You shoot a bolt.
The bolt pierces through the orc knight but does no damage.
The orc knight is severely wounded.
The bolt pierces through the orc knight but does no damage.
The orc knight is heavily wounded.
The bolt pierces through the orc sorcerer!
The orc sorcerer is moderately wounded.
You hear a shout!
The orc sorcerer no longer looks unusually strong.
The ufetubus disappears in a puff of smoke!
Your ogre hits the ynoxinul with a giant spiked club!!
The ynoxinul dies!
The ufetubus disappears in a puff of smoke! x4
The orc sorcerer completely misses you.
The orc knight hits you with a great mace!!
You die...

..............###################
..............# ######
..............# ##o(o.#
..............# ##§§##)oo5.#
..............# #§§## .5o(.
..............###§## #.#.
..............##)O# #
..............##o##
..............##@#
..............##o#
..............##o#####.
................oo......
..............##.#####..
..............##.#
..............##.#
..............##(#
..............##..


You could see 2 orc knights, 2 orc sorcerers, an orc warrior and a friendly ogre
(berserk).

Vanquished Creatures
  Donald (Orc:2)
  A minotaur (Lab)
  Fannar (D:10)
  A hydra (Lair:6)
  2 catoblepae (Lair:6)
  6 two-headed ogres
  An orc high priest (Orc:2)
  Urug (Orc:1)
  The ghost of feelmyfire the Covert, a novice VSEn (D:8)
  Pikel (D:6)
  2 orc sorcerers
  An ugly thing (D:11)
  3 oklob plants (Lair:5)
  A cyclops (D:11)
  A centaur zombie (D:11)
  10 elephants
  4 black mambas
  13 spiny frogs
  2 gargoyles
  A torpor snail (Lair:6)
  2 rime drakes
  7 komodo dragons
  A queen bee (D:10)
  5 polar bears
  A troll (D:10)
  4 hornets
  A minotaur zombie (Lab)
  14 blink frogs (Lair:5)
  13 hippogriffs
  9 dream sheep (Lair:6)
  A wyvern (Lair:4)
  10 spriggans (Lair:6)
  22 yaks
  4 fire bats (Lair:2)
  A hungry ghost (Lab)
  A warg (Orc:2)
  A swamp worm (Lair:5)
  Duvessa (D:6)
  2 hell hounds (D:11)
  9 porcupines
  17 water moccasins
  19 orc warriors
  A sky beast (D:10)
  14 ice beasts
  2 phantoms
  7 black bears
  2 necrophages
  5 boggarts (Lair:6)
  32 wolves
  6 ogres
  17 crocodiles
  6 centaurs
  Blork the orc (D:4)
  3 big kobolds
  13 bullfrogs
  8 gnoll sergeants (Bailey)
  3 scorpions
  Dowan (D:6)
  13 killer bees (D:10)
  7 wights
  10 electric eels
  4 crimson imps
  A howler monkey (D:7)
  3 hounds
  A lava snake (Lair:2)
  A quasit (D:7)
  2 bullfrog zombies
  A jelly (D:10)
  11 orc priests
  6 gnoll shamans (Bailey)
  3 bullfrog skeletons
  A centaur skeleton (D:5)
  3 iguanas
  An iron imp (D:6)
  17 orc wizards
  9 worker ants
  A hound skeleton (D:5)
  26 gnolls
  2 howler monkey skeletons (D:7)
  2 worker ant zombies
  7 adders
  2 river rats (Lair:2)
  6 shadow imps
  An ooze (D:5)
  2 adder skeletons
  An adder zombie (D:7)
  2 worms
  4 dart slugs
  4 leopard geckos
  76 orcs
  2 ball pythons
  17 bats
  4 giant cockroaches
  5 goblins
  9 hobgoblins
  23 jackals
  23 kobolds
  2 quokkas
  A ball python skeleton (D:4)
  8 frilled lizards
  A quokka zombie (D:6)
  6 rats
  4 fungi (Lair:6)
  5 plants
660 creatures vanquished.

Vanquished Creatures (collateral kills)
  Snorg (Lair:6)
  Nergalle (D:11)
  An orc knight (Orc:2)
  A spiny frog (Lair:6)
  A spriggan (Lair:6)
  An orc warrior (Orc:2)
  An orc wizard (Orc:1)
  A dart slug (D:3)
  5 orcs (Orc:1)
  A bat (D:3)
14 creatures vanquished.

Vanquished Creatures (others)
  An orc wizard (Orc:2)
  20 fungi
  4 plants
25 creatures vanquished.

Grand Total: 699 creatures vanquished

Notes
Turn   | Place    | Note
-------+----------+-------------------------------------------
     0 | D:1      | dududu the Kobold Arcane Marksman began the quest for the Orb.
     0 | D:1      | Reached XP level 1. HP: 12/12 MP: 2/2
   179 | D:1      | Reached XP level 2. HP: 16/16 MP: 3/3
   522 | D:1      | Reached XP level 3. HP: 9/20 MP: 4/4
  1793 | D:1      | Learned a level 2 spell: Slow
  1881 | D:2      | Found a deep blue altar of Sif Muna.
  2188 | D:2      | Reached XP level 4. HP: 25/25 MP: 5/5
  2512 | D:1      | HP: 1/27 [hobgoblin (4)]
  3147 | D:2      | Reached XP level 5. HP: 22/32 MP: 6/6
  3937 | D:3      | Learned a level 1 spell: Animate Skeleton
  4507 | D:3      | Upgraded the game from 0.20-b1-2-gc5a9893 to 0.21-a0-13-g3fd62ac
  4809 | D:3      | Reached XP level 6. HP: 39/39 MP: 0/7
  4870 | D:3      | Reached skill level 1 in Necromancy
  4906 | D:3      | Gained mutation: You are dopey. (Int -2) [potion of mutation]
  4906 | D:3      | Gained mutation: You are agile. (Dex +2) [potion of mutation]
  4906 | D:3      | Gained mutation: Your flesh is heat resistant. (rF+) [potion of mutation]
  4906 | D:3      | Gained mutation: You are resistant to electric shocks. (rElec) [potion of mutation]
  4949 | D:4      | Noticed Blork the orc
  4975 | D:4      | Killed Blork the orc
  5266 | D:4      | Found a white marble altar of Elyvilon.
  5309 | D:4      | Found Powuipsiwito's Distillery.
  5325 | D:4      | Bought a potion of flight for 39 gold pieces
  5329 | D:4      | Noticed Menkaure
  5395 | D:4      | Found a staircase to the Ecumenical Temple.
  5402 | Temple   | Entered the Ecumenical Temple
  5469 | Temple   | Became a worshipper of Trog the Wrathful
  5673 | D:4      | Found Pumaum's Magic Scroll Boutique.
  5676 | D:4      | Bought a scroll of blinking for 82 gold pieces
  5676 | D:4      | Bought a scroll of teleportation for 33 gold pieces
  5676 | D:4      | Bought a scroll of identify for 22 gold pieces
  5676 | D:4      | Bought a scroll of immolation for 38 gold pieces
  5717 | D:4      | Reached skill level 1 in Short Blades
  5830 | D:4      | Found Mikekiek's General Store.
  5855 | D:4      | Bought a potion of heal wounds for 55 gold pieces
  5961 | D:4      | Found Sivod's Assorted Antiques.
  5997 | D:4      | Found Curunyt's Antique Weapon Emporium.
  6053 | D:5      | Entered Level 5 of the Dungeon
  6688 | D:5      | Reached XP level 7. HP: 44/44 MP: 8/8
  7367 | D:6      | Found Isad Bifra's Antique Armour Shoppe.
  7417 | D:6      | Reached skill level 5 in Short Blades
  7445 | D:6      | Reached * piety under Trog
  7458 | D:6      | Found Biwocwatz's Gadget Boutique.
  7665 | D:6      | Found a stormy altar of Qazlal.
  7670 | D:6      | Found Hionix's Jewellery Emporium.
  7758 | D:6      | Reached skill level 3 in Crossbows
  7758 | D:6      | Reached XP level 8. HP: 44/48 MP: 9/9
  7863 | D:6      | Reached skill level 4 in Crossbows
  7921 | D:6      | Noticed Dowan
  7941 | D:6      | Killed Dowan
  8067 | D:6      | Noticed Duvessa
  8101 | D:6      | Found Huuqah's General Store.
  8144 | D:6      | Killed Duvessa
  8144 | D:6      | Reached skill level 5 in Crossbows
  8273 | D:6      | Reached skill level 6 in Crossbows
  8320 | D:6      | Found a burning altar of Makhleb.
  8411 | D:6      | Found Doluru's Antique Weapon Emporium.
  8470 | D:6      | Found a glowing silver altar of Zin.
  8669 | D:6      | Noticed Pikel
  8687 | D:6      | Killed Pikel
  8687 | D:6      | Reached skill level 8 in Crossbows
  8687 | D:6      | Reached XP level 9. HP: 52/52 MP: 10/10
  8829 | D:6      | Found a shattered altar of Ashenzari.
  8829 | D:6      | Found a glowing golden altar of the Shining One.
  8974 | D:7      | Reached skill level 9 in Crossbows
  9094 | D:7      | Noticed a hippogriff
  9101 | D:7      | Killed a hippogriff
  9101 | D:7      | Reached skill level 10 in Crossbows
  9462 | D:7      | Reached skill level 5 in Fighting
  9497 | D:7      | Reached ** piety under Trog
 10312 | D:8      | Noticed feelmyfire's ghost (novice VSEn)
 10360 | D:8      | Found Quodi's Antique Weapon Boutique.
 10365 | D:8      | Bought a warped arbalest for 190 gold pieces
 10369 | D:8      | Identified the +4 arbalest "Xyol" {penet, Int+2} (You bought it in a shop on level 8 of the Dungeon)
 10661 | D:8      | Reached XP level 10. HP: 64/64 MP: 11/11
 10817 | D:8      | Killed feelmyfire's ghost
 11035 | D:8      | Reached skill level 10 in Short Blades
 11121 | D:8      | Found a sparkling altar of Nemelex Xobeh.
 11155 | D:8      | Noticed a two-headed ogre
 11261 | D:8      | Killed a two-headed ogre
 11287 | D:8      | Reached *** piety under Trog
 11322 | D:8      | Found a roughly hewn altar of Beogh.
 11653 | D:4      | Bought a crude amber ring for 105 gold pieces
 11654 | D:4      | Identified the ring of the Vanishing Nights {rCorr Int+5} (You bought it in a shop on level 4 of the Dungeon)
 11992 | D:9      | Found Eruran's Assorted Antiques.
 12354 | D:9      | Noticed a two-headed ogre
 12367 | D:9      | Killed a two-headed ogre
 12367 | D:9      | Reached XP level 11. HP: 68/68 MP: 12/12
 13319 | D:9      | Found a staircase to the Orcish Mines.
 13322 | D:9      | Reached skill level 5 in Dodging
 13328 | D:9      | Reached **** piety under Trog
 13466 | D:10     | Entered Level 10 of the Dungeon
 13501 | D:10     | Received a gift from Trog
 14409 | D:10     | Noticed Fannar
 14453 | D:10     | Killed Fannar
 14488 | D:10     | Noticed a two-headed ogre
 14504 | D:10     | Killed a two-headed ogre
 14660 | D:10     | Noticed a two-headed ogre
 14672 | D:10     | Killed a two-headed ogre
 14879 | D:10     | Reached skill level 10 in Dodging
 14915 | D:10     | Received a gift from Trog
 15406 | D:11     | Reached XP level 12. HP: 75/75 MP: 13/13
 15502 | D:11     | Noticed a two-headed ogre
 15531 | D:11     | Killed a two-headed ogre
 16277 | D:11     | Noticed Nergalle
 16291 | D:11     | Killed Nergalle
 16291 | D:11     | Reached skill level 10 in Fighting
 16410 | D:11     | Found a staircase to the Lair.
 16422 | D:11     | Noticed a two-headed ogre
 16432 | D:11     | Killed a two-headed ogre
 16432 | D:11     | Reached skill level 11 in Crossbows
 17203 | D:6      | Bought a cursed amulet of regeneration for 297 gold pieces
 17379 | Lair:1   | Entered Level 1 of the Lair of Beasts
 17455 | Lair:1   | Received a gift from Trog
 17554 | Lair:1   | Reached skill level 12 in Crossbows
 18284 | Lair:1   | Reached skill level 13 in Crossbows
 18562 | Lair:2   | Found a labyrinth entrance.
 18598 | Lab      | Entered a labyrinth
 18862 | Lab      | Noticed a minotaur
 18878 | Lab      | HP: 1/117 [minotaur (28)]
 18881 | Lab      | Killed a minotaur
 18881 | Lab      | Reached XP level 13. HP: 2/83 MP: 14/14
 19103 | Lair:2   | Found a staircase to the Snake Pit.
 19218 | Lair:2   | Reached skill level 14 in Crossbows
 19472 | Lair:2   | Found a staircase to the Swamp.
 20030 | Lair:2   | Reached skill level 1 in Armour
 20936 | Lair:3   | Reached ***** piety under Trog
 21350 | Lair:4   | Received a gift from Trog
 21464 | Lair:4   | Found a frozen archway.
 21523 | IceCv    | Entered an ice cave
 21604 | Lair:4   | Reached skill level 5 in Armour
 21660 | Lair:4   | Received a gift from Trog
 22011 | Lair:4   | Received a gift from Trog
 22101 | Lair:4   | Reached skill level 15 in Crossbows
 22338 | Lair:4   | Reached XP level 14. HP: 88/88 MP: 15/15
 22832 | Lair:5   | Noticed Nessos
 22834 | Lair:5   | Noticed Nessos
 22834 | Lair:5   | Nessos changed into Nessos the swamp worm
 22842 | Lair:5   | Killed Nessos the swamp worm
 22875 | Lair:5   | Received a gift from Trog
 23166 | Lair:5   | Reached skill level 16 in Crossbows
 23274 | Lair:5   | You fall through a shaft!
 23274 | Lair:6   | Entered Level 6 of the Lair of Beasts
 23691 | Lair:5   | Found a staircase to the Slime Pits.
 24159 | Lair:5   | Received a gift from Trog
 24159 | Lair:5   | Reached skill level 17 in Crossbows
 24601 | Lair:6   | Noticed Snorg
 24608 | Lair:6   | Killed Snorg
 25069 | Lair:6   | Reached skill level 18 in Crossbows
 25128 | Lair:6   | Received a gift from Trog
 25234 | Lair:6   | Reached skill level 1 in Evocations
 25411 | Lair:6   | HP: 1/88 [spriggan rider/spear (22)]
 25937 | Lair:6   | Reached XP level 15. HP: 95/95 MP: 16/16
 26215 | Lair:6   | Received a gift from Trog
 26483 | Lair:6   | Identified a scroll of acquirement
 26485 | Lair:6   | Got a jewelled helmet
 26496 | Lair:6   | Identified the +2 helmet of Distant Shores {rCorr MP+9} (You acquired it on level 6 of the Lair of Beasts)
 26684 | Orc:1    | Entered Level 1 of the Orcish Mines
 26787 | Orc:1    | Found a flagged portal.
 26797 | Bailey   | Entered a bailey
 27064 | Bailey   | Got a scorched ivory amulet
 27065 | Bailey   | Identified the amulet "Gekyas" {Spirit rC+ Stlth+} (You found it in a bailey)
 27127 | Bailey   | Received a gift from Trog
 27543 | Orc:2    | Entered Level 2 of the Orcish Mines
 27547 | Orc:2    | Noticed Donald
 27560 | Orc:2    | Killed Donald
 27640 | Orc:2    | Reached skill level 1 in Stealth
 27753 | Orc:1    | Noticed Urug
 27769 | Orc:2    | Found a bloodstained altar of Trog.
 27860 | Orc:1    | Killed Urug
 27954 | Orc:2    | Found a staircase to the Elven Halls.
 28365 | Orc:2    | Paralysed by an orc sorcerer for 3 turns
 28371 | Orc:2    | Received a gift from Trog
 28397 | Orc:2    | Slain by an orc knight

Vault maps used:
D:1:      dpeg_arrival_another_circle, hangedman_glass_garden, st_stairs_9,
          minmay_tree_intersection, kennysheep_another_room
D:2:      lemuel_crystal_altar, first_bread, serial_park_tiny_pond, st_stairs_5,
          nrook_mini_vaults, hangedman_decor_clover_reticule
D:4:      overflow_temple_1_default, temple_green, serial_shops,
          kennysheep_mini, shop, nicolae_shop_temple_entry_statues_fountains,
          kennysheep_mini_moat, shop_coins, due_unseen_surprise,
          uniq_blork_the_orc, uniq_ijyb, uniq_menkaure
D:6:      zin_statuary, nicolae_qazlal_general_emergency,
          gammafunk_temple_overflow_pools, makhleb_grotto_becter, serial_shops,
          nicolae_shop_trees, shop, nicolae_shop_statue_plus, shop,
          nicolae_shop_temple_entry_statues_fountains, uniq_pikel, uniq_duvessa
D:7:      kennysheep_generic_room_8
D:8:      serial_shops, shop_fountains, special_room,
          nemelex_xobeh_ov_fountains_minmay
D:9:      erik_orc_2, serial_shops, nicolae_shop_overgrown_old_shop
D:10:     david_nohive_1, minmay_misc_feat_nine_boxes, uniq_fannar
D:11:     minmay_lair_entry_lava, uniq_nergalle
Temple:   eino_temple_water
Lair:1:   columned_hall_lemuel, serial_bayou_lagoon_a, st_stairs_13,
          minivault_24, minivault_19
Lair:2:   swamp_mist_pool, lab_entry_generic, minivault_11, pond
Lair:4:   portal_ice_cave_entry_ice_beasts, nicolae_quartered_pool_super
Lair:5:   minmay_slime_entry_oklob_enclosed, grunt_megastairs_5, uniq_nessos
Lair:6:   minmay_lair_end_enchanted_forest, infiniplex_staircase_pool,
          uniq_snorg
Orc:1:    enter_bailey_2, uniq_urug
Orc:2:    st_orc_elflike, basic_altar, uniq_donald
Lab:      labyrinth_hidden_loot, labyrinth_skeletal_remains, nicolae_lab_t_cross
Bailey:   bailey_polearm_gnolls_kennysheep, bailey
IceCv:    ice_cave_small_dragons

Skill      XL: |  1  2  3  4  5  6  7  8  9 10 11 12 13 14 15 |
---------------+----------------------------------------------+-----
Hexes          | 4 |  4.4
Fighting       | 3 4 8 10 11 13 | 13.1
Necromancy     | 2 |  2.8
Short Blades   | 2 6 13 | 13.2
Crossbows      | 3 8 10 13 15 18 | 18.0
Dodging        | 10 | 10.7
Armour         | 6 |  6.1
Evocations     | 2 3 |  3.6
Stealth        | 2 |  2.8
Spellcasting   | |  1.1

Action                   |  1- 3 |  4- 6 |  7- 9 | 10-12 | 13-15 || total
-------------------------+-------+-------+-------+-------+-------++-------
Melee: Whip              |   149 |   175 |       |       |       ||   324
       Rapier            |       |   167 |   325 |   682 |   497 ||  1671
       Short sword       |       |       |    22 |   265 |    37 ||   324
 Fire: Hand crossbow     |    30 |    35 |   150 |   246 |   192 ||   653
       Arbalest          |       |       |       |     4 |   730 ||   734
Throw: Stone             |    29 |    35 |    15 |    69 |     6 ||   154
 Cast: Slow              |     2 |    10 |       |       |       ||    12
       Corona            |       |    10 |       |       |       ||    10
       Animate Skeleton  |       |     2 |       |       |       ||     2
Invok: Burn Spellbooks   |       |     2 |       |     1 |     2 ||     5
       Berserk           |       |       |     5 |    13 |       ||    18
       Trog's Hand       |       |       |       |     6 |     9 ||    15
       Brothers in Arms  |       |       |       |     1 |     4 ||     5
Evoke: Wand              |       |       |       |       |     2 ||     2
  Use: Scroll            |       |    10 |     3 |    11 |     7 ||    31
       Potion            |       |     2 |     2 |     1 |       ||     5
 Stab: Sleeping          |     1 |     2 |     3 |       |     1 ||     7
       Petrified         |       |       |       |       |     2 ||     2
  Eat: Chunk             |     8 |    20 |    18 |    38 |    36 ||   120
Armor: Robe              |    28 |       |       |       |       ||    28
       Leather armour    |     6 |    80 |       |    90 |    54 ||   230
       Ring mail         |       |     8 |   132 |       |       ||   140
       Scale mail        |       |       |       |       |   113 ||   113
Dodge: Dodged            |   150 |   301 |   213 |   516 |   711 ||  1891
